 Dungeon Crawl Stone Soup version 0.31-a0-851-g7ff8af7976 (webtiles) character file.

Game seed: 1539864158183790467

57636 archon2 the Carver (level 14, -3/129 HPs)
             Began as a Demonspawn Gladiator on Oct 7, 2023.
             Was an Initiate of Gozag.
             Slain by a lindwurm (9 damage)
             ... summoned by Kirke
             ... on level 12 of the Dungeon.
             The game lasted 00:57:24 (17957 turns).

archon2 the Carver (Demonspawn Gladiator)          Turns: 17957, Time: 00:57:25

Health: -3/129     AC:  0    Str: 18    XL:     14   Next: 46%
Magic:  14/14      EV: 17    Int: 11    God:    Gozag
Gold:   3927       SH:  0    Dex: 15    Spells: 13/13 levels left

rFire   . . .        a - melded +4 falchion (freeze)
rCold   . . .        H - melded +0 buckler
rNeg    . . .        T - melded +8 plate armour "Keomenoo" {rC- Regen+ Int+2}
rPois   .            c - melded +0 helmet
rElec   .            X - melded +2 cloak
rCorr   .            N - melded +2 pair of gloves
SInv    .            (boots currently unavailable)
Will    +....        (no amulet)
Stlth   +            f - melded +6 ring of strength
HPRegen 0.41/turn    v - melded ring "Jephipeq" {Wiz rElec rPois rCorr Dex+6}
MPRegen 0.14/turn

%: no passive effects
@: pig-form, studying Staves, very quick
A: fast, no casting, small, rugged brown scales 2, foul stench 2, robust 1,
(spiny 3), (weakness stinger 2)
a: Renounce Religion, Potion Petition, Call Merchant, Bribe Branch


You were on level 12 of the Dungeon.
You worshipped Gozag.
Gozag was most pleased with you.
You were a filthy swine.
You visited 3 branches of the dungeon, and saw 18 of its levels.
You also visited: Ossuary and Gauntlet.

You collected 5297 gold pieces.
You spent 182 gold pieces at shops.
You paid 1188 gold pieces to Gozag.

Inventory:

Hand Weapons
 a - a +4 falchion of freezing (melded)
 b - a +1 morningstar of protection
Missiles
 d - 3 throwing nets
 e - 5 javelins
 F - 9 boomerangs
 G - 9 silver javelins
Armour
 c - a +0 helmet (melded)
 g - the +12 chain mail of the Wasteland {rPois}
   (You took it off a minotaur in a Gauntlet)

   rPois:     It protects you from poison
 H - a +0 buckler (melded)
 N - a +2 pair of gloves (melded)
 T - the +8 plate armour "Keomenoo" (melded) {rC- Regen+ Int+2}
   (You found it in an ossuary)

   Int+2:     It affects your intelligence (+2).
   rC-:       It makes you vulnerable to cold.
   Regen+:    It increases your rate of health regeneration.
 X - a +2 cloak (melded)
Jewellery
 f - a +6 ring of strength (melded)
 m - the ring "Hoiqaf" {Str+2 SInv}
   (You found it in a Gauntlet)

   [ring of see invisible]

   Str+2:     It affects your strength (+2).
   SInv:      It lets you see invisible.
 v - the ring "Jephipeq" (melded) {Wiz rElec rPois rCorr Dex+6}
   (You found it on level 1 of the Lair of Beasts)

   [ring of wizardry]

   Wiz:       It improves your spell success rate.
   Dex+6:     It affects your dexterity (+6).
   rElec:     It insulates you from electricity.
   rPois:     It protects you from poison rCorr: It protects you from acid and
   corrosion.
Wands
 p - a wand of mindburst (11)
 w - a wand of flame (22)
 M - a wand of roots (5)
 U - a wand of polymorph (13)
 W - a wand of acid (8)
Scrolls
 h - 3 scrolls of fear {unknown}
 j - 3 scrolls of enchant armour {unknown}
 q - 3 scrolls of fog {unknown}
 u - 2 scrolls of identify {@r1}
 y - 3 scrolls of poison {unknown}
 D - a scroll of acquirement {unknown}
 I - 4 scrolls of revelation {unknown}
 J - 5 scrolls of immolation {unknown}
 K - 4 scrolls of noise {unknown}
 L - 2 scrolls of blinking {unknown}
 O - 2 scrolls of butterflies {unknown}
 P - a scroll of torment {unknown}
 Q - 3 scrolls of vulnerability {unknown}
 V - 2 scrolls of enchant weapon {unknown}
 Y - a scroll of silence {unknown}
 Z - 7 scrolls of teleportation {unknown}
Potions
 i - 2 potions of invisibility
 k - 5 potions of lignification
 l - 13 potions of curing {@q1}
 n - 2 potions of heal wounds
 o - a potion of cancellation
 r - 2 potions of mutation
 t - 2 potions of magic
 x - 2 potions of attraction
 z - a potion of ambrosia {unknown}
 A - a potion of brilliance {unknown}
 B - 2 potions of resistance
 C - 4 potions of enlightenment
 E - 5 potions of haste
 S - 3 potions of might {unknown}
Miscellaneous
 s - a lightning rod (4/4)


   Skills:
 + Level 11.5 Fighting
 * Level 14.7 Long Blades
 - Level 3.3 Throwing
 + Level 10.0 Armour
 - Level 6.1 Dodging
 * Level 10.9 Shields


You had 13 spell levels left.
You didn't know any spells.
Your spell library contained the following spells:

 Spells                   Type           Power      Damage    Failure   Level
 Apportation              Tloc           0%         N/A       34%         1
 Foxfire                  Conj/Fire      0%         2x1d4     34%         1
 Necrotise                Necr           0%         1d4       34%         1
 Slow                     Hex            0%         N/A       34%         1
 Summon Small Mammal      Summ           0%         N/A       34%         1
 Ensorcelled Hibernation  Hex/Ice        0%         N/A       47%         2
 Lesser Beckoning         Tloc           0%         N/A       47%         2
 Momentum Strike          Conj/Tloc      0%         3d8       47%         2
 Passwall                 Tmut/Erth      0%         N/A       47%         2
 Sublimation of Blood     Necr           0%         N/A       47%         2
 Wereblood                Tmut           0%         N/A       47%         2
 Confusing Touch          Hex            0%         N/A       71%         3
 Gell's Gravitas          Tloc           0%         N/A       71%         3
 Ignite Poison            Fire/Tmut/Pois 0%         N/A       71%         3
 Inner Flame              Hex/Fire       0%         N/A       71%         3
 Sigil of Binding         Hex            0%         N/A       71%         3
 Stone Arrow              Conj/Erth      0%         3d7       71%         3
 Swiftness                Air            0%         N/A       71%         3
 Teleport Other           Tloc           0%         N/A       71%         3
 Vampiric Draining        Necr           0%         2d6       71%         3
 Volatile Blastmotes      Fire/Tloc      0%         2d10      71%         3
 Animate Armour           Summ/Erth      0%         N/A       98%         4
 Fulminant Prism          Conj/Hex       0%         3d5       98%         4
 Iskenderun's Mystic Bla  Conj/Tloc      0%         2d3       98%         4
 Petrify                  Tmut/Erth      0%         N/A       98%         4
 Sticky Flame             Conj/Fire      0%         2d3       98%         4
 Irradiate                Conj/Tmut      0%         3d11      100%        5
 Summon Forest            Summ/Tloc      0%         N/A       100%        5
 Summon Mana Viper        Hex/Summ       0%         N/A       100%        5
 Summon Cactus Giant      Summ           0%         N/A       100%        6
 Ignition                 Fire           0%         3d3       100%        8
 Lehudib's Crystal Spear  Conj/Erth      0%         10d2      100%        8


Dungeon Overview and Level Annotations

Branches:
Dungeon (12/15)            Temple (1/1) D:4            Lair (5/5) D:9
  Swamp (0/4) Lair:3       Spider (0/4) Lair:2        Slime (0/5) Lair:4
    Orc (0/2) D:11        Ossuary (visited)         Gauntlet (visited)

Altars:
Ashenzari
Cheibriados
Dithmenos
Fedhas
Gozag
Hepliaklqana
Kikubaaqudgha
Makhleb
Nemelex Xobeh
Okawaru
Qazlal
Ru
Sif Muna
Trog
Uskayaw
Vehumet
Wu Jian
Xom
Yredelemnul
Jiyva

Shops:
D:5 *   D:6 !   D:8 !   D:9 :

Annotations:
D:12 Kirke
Lair:1 2 transporters, Nikh's ghost, novice OpSh


Innate Abilities, Weirdness & Mutations

You are a filthy swine.
You move quickly.
Your equipment is almost entirely melded.
You are incapable of wielding weapons or throwing items.
You cannot cast spells.
(You are mostly covered in rugged brown scales. (AC +2, +5% HP))
You sometimes emit foul miasma when damaged in melee.
You are robust. (+10% HP)
((You are completely covered in sharp spines.))
((You have a tail ending in a sharp stinger.))


Message History

The lindwurm is engulfed in dark miasma.
The lindwurm looks even sicker.
The lindwurm completely misses you. The lindwurm barely misses you.
The lindwurm claws you!
* * * LOW HITPOINT WARNING * * *
You feel much better. Kirke barely misses you.
The lindwurm is engulfed in dark miasma.
The lindwurm looks even sicker.
The lindwurm seems to slow down.
The lindwurm misses you. The lindwurm claws you.
* * * LOW HITPOINT WARNING * * *
The lindwurm misses you.
Your magical effects are unravelling.
You feel magically purged.
You feel less porcine.
Your +4 falchion of freezing unmelds from your body.
Your +2 cloak unmelds from your body.
Your +0 helmet unmelds from your body.
Your +2 pair of gloves unmelds from your body.
Your +0 buckler unmelds from your body.
The +8 plate armour "Keomenoo" {rC- Regen+ Int+2} unmelds from your body.
Your +6 ring of strength unmelds from your body.
The ring "Jephipeq" {Wiz rElec rPois rCorr Dex+6} unmelds from your body.
Your +4 falchion of freezing glows with a cold blue light!
You feel stronger.
The lindwurm is no longer moving slowly.
Kirke gestures at you while chanting.
You turn into a filthy swine.
Your +4 falchion of freezing melds into your body.
Your +2 cloak melds into your body.
Your +0 helmet melds into your body.
Your +2 pair of gloves melds into your body.
Your +0 buckler melds into your body.
The +8 plate armour "Keomenoo" {rC- Regen+ Int+2} melds into your body.
Your +6 ring of strength melds into your body.
The ring "Jephipeq" {Wiz rElec rPois rCorr Dex+6} melds into your body.
Your +4 falchion of freezing stops glowing.
You feel weaker.
The lindwurm is engulfed in dark miasma.
The lindwurm looks as sick as possible!
The lindwurm bites you!!
* * * LOW HITPOINT WARNING * * *
The lindwurm claws you!
You die...
Your body crumbles into a pile of gold.

####### #.....# #.....#
#.....# #### #.....# ...#
#.....# ...# #.....#
...##################.....#
...............kh@hhyh....+
#.###################.....#
#.# #.#'#.... #.# ... ...
..# #### h. ### @


You could see Kirke, a lindwurm (summoned, extremely poisoned), 3 hogs and a
vampire mosquito.

Vanquished Creatures
  Rupert (Lair:4)
  Frances (D:12)
  A minotaur (Gauntlet)
  A fire dragon (Lair:5)
  An ice dragon (Lair:5)
  3 hydras
  4 boulder beetles
  4 two-headed ogres
  5 death yaks
  A skyshark (Lair:5)
  A swamp dragon (Lair:5)
  2 lindwurms (Lair:5)
  A glowing orange brain (Gauntlet)
  An ugly thing (Gauntlet)
  2 cyclopes
  A manticore (D:10)
  5 black mambas
  11 elephants (Lair:5)
  A gargoyle (D:10)
  5 torpor snails (Lair:5)
  4 rime drakes
  12 cane toads
  2 minotaur zombies (Gauntlet)
  8 komodo dragons
  An ice devil (Gauntlet)
  5 polar bears
  A meliai (Lair:2)
  Grinder (D:3)
  7 hornets (Lair:5)
  4 tyrant leeches
  21 blink frogs
  Prince Ribbit (Lair:3)
  5 dream sheep (Lair:5)
  A slime creature (Lair:4)
  A shadow (D:9)
  A vampire (D:12)
  41 yaks
  4 basilisks
  5 wyverns
  A wraith (D:9)
  3 hogs (D:12)
  3 steam dragons
  A swamp worm (Lair:3)
  2 acid dragons (Lair:5)
  5 water moccasins
  3 swamp drakes (Lair:5)
  A sky beast (D:6)
  A black bear (D:7)
  6 orc warriors
  11 ice beasts
  2 ogres (D:5)
  14 wolves
  8 centaurs
  A phantom (D:7)
  An elf zombie (Ossuary)
  A gnoll sergeant (D:7)
  11 bullfrogs
  18 wights
  8 killer bees
  4 electric eels
  2 human zombies (Ossuary)
  4 jellies
  6 orc priests
  A sleepcap (D:5)
  A gnoll bouda (D:5)
  5 hounds
  6 iguanas
  5 orc wizards
  6 hell rats (Lair:3)
  A hound zombie (Ossuary)
  4 mummies (Ossuary)
  Robin (D:3)
  15 gnolls
  7 adders
  6 white imps
  2 ufetubi (D:9)
  A worm (D:2)
  2 dart slugs
  34 orcs
  7 ball pythons
  12 endoplasms
  4 giant cockroaches
  2 gnoll zombies (Ossuary)
  13 goblins
  14 hobgoblins
  6 kobolds
  5 bats
  3 frilled lizards
  A goblin zombie (Ossuary)
  2 jackal zombies (Ossuary)
  2 kobold zombies (Ossuary)
  7 rats
  A rat zombie (Ossuary)
470 creatures vanquished.

Notes
Turn   | Place    | Note
-------+----------+-------------------------------------------
     0 | D:1      | archon2 the Demonspawn Gladiator began the quest for the
                  | Orb.
     0 | D:1      | Reached XP level 1. HP: 16/16 MP: 1/1
    44 | D:1      | Gained mutation: You have a small tail. [demonic ancestry]
    44 | D:1      | Reached XP level 2. HP: 22/22 MP: 2/2
   126 | D:1      | Reached skill level 3 in Long Blades
   242 | D:1      | Reached XP level 3. HP: 22/28 MP: 3/3
   815 | D:2      | Gained mutation: You are partially covered in sharp spines.
                  | [demonic ancestry]
   815 | D:2      | Reached XP level 4. HP: 34/34 MP: 4/4
  1329 | D:3      | Noticed Grinder
  1329 | D:3      | Paralysed by Grinder for 4 turns
  1335 | D:3      | Killed Grinder
  1336 | D:3      | Gained mutation: You are mostly covered in sharp spines.
                  | [demonic ancestry]
  1336 | D:3      | Reached XP level 5. HP: 30/42 MP: 5/5
  1336 | D:3      | Reached XP level 6. HP: 34/48 MP: 6/6
  1519 | D:3      | Found a hide-covered altar of Uskayaw.
  1520 | D:3      | Found a bloodstained altar of Trog.
  1550 | D:3      | Reached skill level 4 in Long Blades
  1561 | D:3      | Found a shadowy altar of Dithmenos.
  1561 | D:3      | Found a shimmering altar of Xom.
  1562 | D:3      | Found a snail-covered altar of Cheibriados.
  1562 | D:3      | Noticed Robin
  1582 | D:3      | Killed Robin
  1719 | D:3      | Found an ornate altar of the Wu Jian Council.
  1719 | D:3      | Found a sparkling altar of Nemelex Xobeh.
  1720 | D:3      | Found a basalt altar of Yredelemnul.
  1721 | D:3      | Found an iron altar of Okawaru.
  2463 | D:4      | Found a broken altar of Ashenzari.
  2607 | D:4      | Identified the +0 robe "Ihuren" {Int+5}
  2819 | D:4      | Found a staircase to the Ecumenical Temple.
  2828 | Temple   | Entered the Ecumenical Temple
  2869 | Temple   | Became a worshipper of Gozag Ym Sagoz the Greedy
  3186 | D:5      | Entered Level 5 of the Dungeon
  3187 | D:5      | Noticed an ice beast
  3189 | D:5      | Gained mutation: You are partially covered in rugged brown
                  | scales. (AC +1, +3% HP) [demonic ancestry]
  3189 | D:5      | Reached XP level 7. HP: 46/55 MP: 7/7
  3432 | D:5      | Reached skill level 5 in Long Blades
  3572 | D:5      | Reached skill level 5 in Fighting
  3572 | D:5      | Reached skill level 5 in Dodging
  3572 | D:5      | Gained mutation: You may rarely emit foul miasma when
                  | damaged in melee. [demonic ancestry]
  3572 | D:5      | Reached XP level 8. HP: 63/63 MP: 8/8
  3636 | D:5      | Found Moug's CLEARANCE SALE!.
  3695 | D:5      | Reached skill level 6 in Long Blades
  3892 | D:6      | Got a black book
  3900 | D:6      | Found Pabrid's Distillery.
  4567 | D:7      | Found a sand-covered staircase.
  4747 | D:7      | Reached skill level 7 in Long Blades
  4942 | Ossuary  | Entered an ossuary
  4961 | Ossuary  | Reached XP level 9. HP: 38/71 MP: 9/9
  5304 | Ossuary  | Identified the +8 plate armour "Keomenoo" {rC- Regen+
                  | Int+2}
  5487 | D:7      | Reached skill level 1 in Armour
  5596 | D:7      | Reached skill level 8 in Long Blades
  6245 | D:8      | Found Kiprax's Distillery.
  6252 | D:8      | Bought a potion of heal wounds for 70 gold pieces
  6252 | D:8      | Bought a potion of heal wounds for 70 gold pieces
  6252 | D:8      | Bought a potion of attraction for 42 gold pieces
  6464 | D:8      | Reached skill level 9 in Long Blades
  6466 | D:8      | Gained mutation: You are mostly covered in rugged brown
                  | scales. (AC +2, +5% HP) [demonic ancestry]
  6466 | D:8      | Reached XP level 10. HP: 58/82 MP: 10/10
  6767 | D:8      | Reached skill level 5 in Armour
  6920 | D:9      | Found a staircase to the Lair.
  6930 | D:9      | Reached skill level 10 in Long Blades
  7229 | D:9      | Reached skill level 1 in Shields
  7590 | D:9      | Gained mutation: You are completely covered in sharp
                  | spines. [demonic ancestry]
  7590 | D:9      | Reached XP level 11. HP: 59/91 MP: 11/11
  7641 | D:9      | Found Yhiy's Book Shop.
  7799 | D:10     | Entered Level 10 of the Dungeon
  8155 | D:10     | Noticed a two-headed ogre
  8160 | D:10     | Killed a two-headed ogre
  8313 | D:10     | Noticed a two-headed ogre
  8316 | D:10     | Killed a two-headed ogre
  8727 | D:11     | Noticed a two-headed ogre
  8727 | D:11     | Noticed a boulder beetle
  8755 | D:11     | Killed a two-headed ogre
  8774 | D:11     | Killed a boulder beetle
  8775 | D:11     | Reached skill level 11 in Long Blades
  8858 | D:11     | Identified the +1 leather armour "Zyucrahy" {rElec}
  9436 | D:11     | Noticed a two-headed ogre
  9450 | D:11     | Killed a two-headed ogre
  9451 | D:11     | Reached skill level 5 in Shields
  9614 | D:11     | Found a staircase to the Orcish Mines.
  9846 | Lair:1   | Entered Level 1 of the Lair of Beasts
  9943 | Lair:1   | Noticed a boulder beetle
  9984 | Lair:1   | Found a transporter.
  9987 | Lair:1   | Noticed Nikh's ghost (novice OpSh)
 10000 | Lair:1   | Found a transporter.
 10028 | Lair:1   | Identified the ring "Jephipeq" {Wiz rElec rPois rCorr
                  | Dex+6}
 10210 | Lair:1   | Gained mutation: You have a tail ending in a sharp stinger.
                  | [demonic ancestry]
 10210 | Lair:1   | Reached XP level 12. HP: 99/99 MP: 12/12
 10679 | Lair:2   | Reached skill level 12 in Long Blades
 10870 | Lair:2   | Found a hole to the Spider Nest.
 10991 | Lair:2   | Killed a boulder beetle
 11475 | Lair:2   | Reached skill level 10 in Fighting
 11962 | Lair:3   | Noticed a five-headed hydra
 11971 | Lair:3   | Killed a five-headed hydra
 12000 | Lair:3   | Found a gate leading to a gauntlet.
 12023 | Gauntlet | Entered a Gauntlet
 12023 | Gauntlet | Found a transporter.
 12030 | Gauntlet | Found a transporter.
 12032 | Gauntlet | Found a transporter.
 12037 | Gauntlet | Found a runed translucent door.
 12039 | Gauntlet | Found a runed translucent door.
 12041 | Gauntlet | Found a transporter.
 12044 | Gauntlet | Found a transporter.
 12055 | Gauntlet | Found a transporter.
 12068 | Gauntlet | Found a transporter.
 12078 | Gauntlet | Found a transporter.
 12089 | Gauntlet | Found a transporter.
 12090 | Gauntlet | Found the +3 pair of mountain boots {steadfast, rC+}
 12113 | Gauntlet | Noticed a hell hog
 12114 | Gauntlet | Found a transporter.
 12116 | Gauntlet | Found a transporter.
 12123 | Gauntlet | Found a transporter.
 12124 | Gauntlet | Found a transporter.
 12184 | Gauntlet | Found a transporter.
 12361 | Gauntlet | Identified the ring "Hoiqaf" {Str+2 SInv}
 12419 | Gauntlet | Identified the +12 chain mail of the Wasteland {rPois}
 12419 | Gauntlet | Noticed a minotaur
 12448 | Gauntlet | Killed a minotaur
 12449 | Gauntlet | Gained mutation: You are robust. (+10% HP) [demonic
                  | ancestry]
 12449 | Gauntlet | Reached XP level 13. HP: 67/118 MP: 13/13
 12472 | Gauntlet | Reached skill level 13 in Long Blades
 12895 | Lair:3   | Noticed Prince Ribbit
 12904 | Lair:3   | Killed Prince Ribbit
 13058 | Lair:3   | Found a staircase to the Swamp.
 13852 | Lair:4   | Found a staircase to the Slime Pits.
 13860 | Lair:4   | Found a viscous altar of Jiyva.
 14365 | Lair:4   | Noticed Rupert
 14370 | Lair:4   | Paralysed by Rupert for 2 turns
 14398 | Lair:4   | Killed Rupert
 14901 | Lair:5   | Entered Level 5 of the Lair of Beasts
 15858 | Lair:4   | Reached skill level 14 in Long Blades
 16002 | Lair:5   | Reached skill level 10 in Shields
 16126 | Lair:5   | Gained mutation: You sometimes emit foul miasma when
                  | damaged in melee. [demonic ancestry]
 16126 | Lair:5   | Reached XP level 14. HP: 129/129 MP: 14/14
 17138 | Lair:5   | Found a runed translucent door.
 17806 | D:12     | Noticed Frances
 17820 | D:12     | Killed Frances
 17907 | D:12     | Reached skill level 10 in Armour
 17918 | D:12     | Noticed Kirke
 17957 | D:12     | HP: 6/129 [lindwurm[Kirke] (19)]
 17957 | D:12     | Slain by a lindwurm

Illustrated notes

Levels and vault maps discovered:
D:1:      scummos_arrival_star, layout_rooms
D:2:      layout_basic, minmay_pentomino_r4
D:3:      layout_basic, nicolae_overflows_in_rows, uniq_robin, uniq_grinder
D:4:      layout_basic, cheibrodos_ashenzari_chains, minmay_temple_entry_arrows
D:5:      layout_rooms, nicolae_shop_clearance
D:6:      layout_basic, zin_treasury, serial_shops, shop, dk_rats_in_the_wall
D:7:      layout_cave_pods, nicolae_ossuary_entry_false_entrances,
          grunt_ministairs_8
D:8:      layout_rooms, serial_shops, shop, minmay_manual_mares
D:9:      layout_long_grid, hellmonk_lair_entry_icy, serial_ice, serial_ice_a,
          serial_ice_f, serial_ice_e, serial_ice_h, serial_ice_c, serial_ice_d,
          serial_ice_o, serial_shops, nicolae_shop_rolling_square
D:10:     layout_basic
D:11:     layout_roguey, erik_orc_2
D:12:     layout_basic, uniq_kirke, uniq_frances
Temple:   dpeg_chambers_temple
Lair:1:   layout_cellular_growth, gammafunk_ghost_arena, minmay_holes
Lair:2:   layout_cellular_growth, hellmonk_spider_entry_not_the_bees
Lair:3:   layout_cave_pods, minmay_swamp_entry_worms, gauntlet_entry_generic,
          grunt_forest_large_clearings, grunt_megastairs_1,
          infiniplex_staircase_pool, uniq_prince_ribbit2
Lair:4:   layout_regular_city, minmay_slime_entry_pillars,
          hangedman_lair_unloving_vines, serial_bayou_shore_b, uniq_rupert
Lair:5:   wormcave, layout_layer_cave, guppyfry_lair_end_dragon,
          nicolae_lair_grove_arrangements, serial_bayou_pond_a,
          grunt_megastairs_2

Skill      XL: |  1  2  3  4  5  6  7  8  9 10 11 12 13 14 |
---------------+-------------------------------------------+-----
Throwing       | 2 3 |  3.3
Long Blades    | 3 4 5 7 9 10 11 12 14 | 14.7
Dodging        | 3 4 5 6 |  6.1
Fighting       | 3 4 5 6 7 8 9 10 11 | 11.5
Armour         | 4 6 7 8 9 10 | 10.0
Shields        | 2 5 8 10 | 10.9

Action                     |  1- 3 |  4- 6 |  7- 9 | 10-12 | 13-15 || total
---------------------------+-------+-------+-------+-------+-------++-------
  Melee: Long sword        |   118 |   114 |    94 |       |       ||   326
         Tailslap          |     9 |    14 |    54 |   134 |   173 ||   384
         Punch             |       |     2 |    10 |     2 |       ||    14
         Falchion          |       |       |   196 |   691 |   672 ||  1559
         Unarmed           |       |       |       |       |    16 ||    16
         Morningstar       |       |       |       |       |     9 ||     9
  Throw: Boomerang         |       |       |       |    11 |       ||    11
         Javelin           |       |       |       |     1 |       ||     1
 Invoke: Potion Petition   |       |       |       |       |     2 ||     2
  Evoke: Wand              |     1 |     3 |     3 |    17 |    10 ||    34
    Use: Scroll            |       |       |     6 |     2 |     4 ||    12
         Potion            |       |       |       |     1 |     6 ||     7
   Stab: Sleeping          |       |     1 |       |       |       ||     1
         Distracted        |       |       |     2 |     4 |     4 ||    10
         Invisible         |       |       |       |       |     4 ||     4
 Armour: Leather armour    |    56 |    43 |    58 |       |       ||   157
         Plate armour      |       |       |    82 |   383 |   271 ||   736
         Chain mail        |       |       |       |       |   127 ||   127
         Skin              |       |       |       |       |    17 ||    17
  Dodge: Dodged            |    87 |    64 |   209 |   329 |   229 ||   918
  Block: Buckler           |       |       |       |   106 |   161 ||   267

Table legend: (Time is in decaauts)
 A = Elapsed time spent in this place.
 B = Non-inter-level travel time spent in this place.
 C = Inter-level travel time spent in this place.
 D = Time resting spent in this place.
 E = Time spent auto-exploring this place.
 F = Levels seen in this place.
 G = Mean time per level.
                   A        B        C        D        E       F      G
               +--------+--------+--------+--------+--------+-----+--------+
         Total |  17639 |  16375 |   1264 |   1526 |   9962 |  20 |  882.0 |
       Dungeon |   9795 |   9145 |    650 |    847 |   5512 |  12 |  816.2 |
        Temple |     62 |     12 |     50 |      0 |      0 |   1 |   62.0 |
          Lair |   6849 |   6285 |    564 |    543 |   4147 |   5 | 1369.8 |
       Ossuary |    387 |    387 |      0 |     79 |    124 |   1 |  387.0 |
      Gauntlet |    544 |    544 |      0 |     56 |    178 |   1 |  544.0 |
               +--------+--------+--------+--------+--------+-----+--------+

Top non-repeatable levels by time:
  Lair:5: 1942 daAuts
  Lair:2: 1376 daAuts
  Lair:4: 1342 daAuts
  Lair:3: 1284 daAuts
     D:7: 1139 daAuts
     D:3: 1094 daAuts
     D:9: 1086 daAuts
    D:11: 1021 daAuts
    D:10: 991 daAuts
  Lair:1: 903 daAuts
     D:2: 860 daAuts
     D:4: 834 daAuts
     D:6: 767 daAuts
     D:8: 732 daAuts
     D:5: 591 daAuts
